 Dungeon Crawl Stone Soup version 0.27-a0-1280-g9d2d252d84 (webtiles) character file.

Game seed: 12894802564175848035

149903 Delamore the Impaler (level 18, 0/149 HPs)
             Began as a Formicid Fighter on June 13, 2021.
             Was an Initiate of Gozag.
             Killed from afar by Bai Suzhen (58 damage)
             ... with a torrent of water
             ... on level 3 of the Snake Pit.
             The game lasted 00:45:13 (33573 turns).

Delamore the Impaler (Formicid Fighter)            Turns: 33573, Time: 00:45:14

Health: 0/149      AC: 22    Str: 26    XL:     18   Next: 14%
Magic:  18/18      EV:  7    Int: 11    God:    Gozag
Gold:   231        SH: 18    Dex: 13    Spells: 17/17 levels left

rFire    + . .     SeeInvis +   a - +6 lajatang (elec)
rCold    + . .     Faith    .   J - +4 kite shield of Orthodoxy {Dex+3}
rNeg     + . .     Spirit   .   O - +0 plate armour of the World {rElec Slay+3 SInv}
rPois    +         Reflect  .   (helmet unavailable)
rElec    +         Harm     .   m - +2 cloak {Stlth+}
rCorr    .         Rampage  .   P - +0 pair of gloves {archery}
Will     +....                  p - +2 pair of boots {Fly}
Stlth    ..........             W - amulet of regeneration
HPRegen  1.34/turn              S - ring "Uvviseall" {rPois rF+}
MPRegen  0.16/turn              G - ring "Guipna" {rC+ rN+ Slay+2}

@: flying
A: permanent stasis, dig shafts and tunnels, antennae 3, four strong arms
a: Dig, Shaft Self, Renounce Religion, Potion Petition, Call Merchant, Bribe
Branch


You were on level 3 of the Snake Pit.
You worshipped Gozag.
Gozag was aware of your devotion.
You visited 4 branches of the dungeon, and saw 26 of its levels.
You also visited: Ossuary and Bailey.

You collected 11201 gold pieces.
You spent 5568 gold pieces at shops.
You paid 5402 gold pieces to Gozag.

Inventory:

Hand Weapons
 a - a +6 lajatang of electrocution (weapon)
 b - a +5 halberd of freezing
 c - a +0 trident of freezing
 w - a +3 glaive of freezing
Missiles
 n - 64 poisoned darts
 r - 30 boomerangs
 z - 6 javelins (quivered)
 A - 7 throwing nets
 R - 13 atropa-tipped darts
Armour
 m - a +2 cloak of stealth (worn)
 p - a +2 pair of boots of flying (worn)
 q - a scarf of invisibility
 J - the +4 kite shield of Orthodoxy (worn) {Dex+3}
   (You bought it in a shop on level 5 of the Dungeon)

   It affects your dexterity (+3).
 O - the +0 plate armour of the World (worn) {rElec Slay+3 SInv}
   (You bought it in a shop on level 14 of the Dungeon)

   It affects your accuracy and damage with ranged weapons and melee attacks
   (+3).
   It insulates you from electricity.
   It lets you see invisible.
 P - a +0 pair of gloves of archery (worn)
Jewellery
 o - a ring of ice
 F - a +6 ring of intelligence
 G - the ring "Guipna" (right hand) {rC+ rN+ Slay+2}
   (You bought it in a shop on level 2 of the Dungeon)

   [ring of protection from cold]

   It affects your accuracy and damage with ranged weapons and melee attacks
   (+2).
   It protects you from cold.
   It protects you from negative energy.
 L - a ring of willpower
 S - the ring "Uvviseall" (left hand) {rPois rF+}
   (You bought it in a shop on level 11 of the Dungeon)

   [ring of poison resistance]

   It protects you from fire.
   It protects you from poison.
 W - an amulet of regeneration (around neck)
Wands
 l - a wand of flame (60)
 u - a wand of acid (13)
 D - a wand of iceblast (25)
 I - a wand of polymorph (24)
 K - a wand of charming (4)
Scrolls
 i - 7 scrolls of fear
 t - 5 scrolls of amnesia
 v - a scroll of immolation
 y - 3 scrolls of enchant armour
 B - a scroll of summoning
 C - 4 scrolls of fog
 H - 2 scrolls of holy word
 Q - 8 scrolls of identify
 U - a scroll of silence
 V - 5 scrolls of magic mapping
Potions
 d - 4 potions of might
 e - 3 potions of flight
 f - 5 potions of curing
 g - 2 potions of resistance
 h - 4 potions of mutation
 j - a potion of heal wounds
 k - 2 potions of ambrosia
 s - 2 potions of magic
 x - 2 potions of brilliance
 E - a potion of invisibility
 T - 2 potions of attraction
Miscellaneous
 M - a lightning rod (4/4)
 N - a phantom mirror (inert)


   Skills:
 - Level 15.0 Fighting
 - Level 16.4(17.5) Polearms
 * Level 11.4(15.1) Staves
 - Level 10.8 Throwing
 - Level 10.0 Armour
 - Level 15.0 Shields
 - Level 6.9 Evocations


You had 17 spell levels left.
You didn't know any spells.
Your spell library contained the following spells:

 Spells                   Type           Power      Damage    Failure   Level
 Beastly Appendage        Tmut           0%         N/A       97%         1
 Foxfire                  Conj/Fire      0%         2x1d4     97%         1
 Magic Dart               Conj           0%         1d3       97%         1
 Sandblast                Erth           0%         2d4       97%         1
 Summon Small Mammal      Summ           0%         N/A       97%         1
 Call Imp                 Summ           0%         N/A       99%         2
 Passwall                 Tmut/Erth      0%         N/A       99%         2
 Poisonous Vapours        Pois/Air       0%         N/A       99%         2
 Searing Ray              Conj           0%         3d3       99%         2
 Wereblood                Tmut           0%         N/A       99%         2
 Call Canine Familiar     Summ           0%         N/A       100%        3
 Confusing Touch          Hex            0%         N/A       100%        3
 Conjure Flame            Conj/Fire      0%         6-21      100%        3
 Dazzling Flash           Conj/Hex       0%         N/A       100%        3
 Gell's Gravitas          Tloc           0%         N/A       100%        3
 Inner Flame              Hex/Fire       0%         N/A       100%        3
 Mephitic Cloud           Conj/Pois/Air  0%         N/A       100%        3
 Portal Projectile        Hex/Tloc       0%         N/A       100%        3
 Spider Form              Tmut/Pois      0%         N/A       100%        3
 Stone Arrow              Conj/Erth      0%         3d7       100%        3
 Summon Guardian Golem    Hex/Summ       0%         N/A       100%        3
 Cause Fear               Hex            0%         N/A       100%        4
 Fulminant Prism          Conj/Hex       0%         3d6       100%        4
 Ice Form                 Ice/Tmut       0%         N/A       100%        4
 Iskenderun's Mystic Bla  Conj/Tloc      0%         2d3       100%        4
 Passage of Golubria      Tloc           N/A        N/A       100%        4
 Petrify                  Tmut/Erth      0%         N/A       100%        4
 Sticky Flame             Conj/Fire      0%         2d3       100%        4
 Summon Ice Beast         Ice/Summ       0%         N/A       100%        4
 Summon Lightning Spire   Summ/Air       0%         N/A       100%        4
 Bolt of Magma            Conj/Fire/Erth 0%         4d4       100%        5
 Fireball                 Conj/Fire      0%         3d3       100%        5
 Freezing Cloud           Conj/Ice/Air   0%         6-21      100%        5
 Irradiate                Conj/Tmut      0%         3d13      100%        5
 Iskenderun's Battlesphe  Conj           0%         2d6       100%        5
 Lee's Rapid Deconstruct  Erth           0%         3d5*      100%        5
 Manifold Assault         Tloc           0%         N/A       100%        5
 Metabolic Englaciation   Hex/Ice        0%         N/A       100%        5
 Silence                  Hex/Air        0%         N/A       100%        5
 Yara's Violent Unravell  Hex/Tmut       0%         3d3       100%        5
 Blade Hands              Tmut           0%         N/A       100%        6
 Dispersal                Tloc           0%         N/A       100%        6
 Iron Shot                Conj/Erth      0%         9d1       100%        6
 Statue Form              Tmut/Erth      0%         N/A       100%        6
 Dragon Form              Tmut           0%         N/A       100%        7
 Orb of Destruction       Conj           0%         N/A       100%        7
 Spellforged Servitor     Conj/Summ      0%         N/A       100%        7
 Storm Form               Tmut/Air       0%         N/A       100%        7
 Discord                  Hex            0%         N/A       100%        8
 Disjunction              Tloc           0%         N/A       100%        8


Dungeon Overview and Level Annotations

Branches:
Dungeon (15/15)            Temple (0/1) D:5            Lair (6/6) D:11
 Shoals (0/4) Lair:2        Snake (3/4) Lair:3        Slime (0/5) Lair:5
    Orc (2/2) D:11            Elf (0/3) Orc:2        Vaults (0/5) D:13
 Depths (0/5) D:15        Ossuary (visited)          Bailey (visited)

Altars:
Ashenzari
Cheibriados
Dithmenos
Gozag
Hepliaklqana
Kikubaaqudgha
Makhleb
Nemelex Xobeh
Okawaru
Ru
Sif Muna
Trog
Uskayaw
Wu Jian
Yredelemnul
Zin
The Shining One
Beogh

Shops:
D:2 =   D:5 [   D:6 [   D:9 =   D:10 ?   D:11 ?=?   D:14 [*   D:15 (   Orc:1 *
Orc:2 *(:[   Snake:1 (([[   Snake:3 *

Annotations:
D:7 2 transporters
Snake:3 Bai Suzhen


Innate Abilities, Weirdness & Mutations

You cannot be hasted, slowed, berserked, paralysed or teleported.
You can dig through walls and to a lower floor.
You have a pair of large antennae on your head. (SInv)
Your four strong arms can wield two-handed weapons with a shield.


Message History

Bai Suzhen is severely wounded.
Bai Suzhen bites you but does no damage.
Bai Suzhen claws you but does no damage.
You block Bai Suzhen's attack. The eight-headed hydra bites you!
You block the eight-headed hydra's attack.
The eight-headed hydra barely misses you.
You block the eight-headed hydra's attack. x2
The eight-headed hydra bites you but does no damage.
You block the eight-headed hydra's attack.
The eight-headed hydra barely misses you.
The eight-headed hydra disappears in a puff of smoke!
Throw: 9 javelins
Press: ? - help, Q - select action, (/) - cycle Shift-Dir - straight line, f/p - Bai Suzhen
Aim: Bai Suzhen (severely wounded, surrounded by thunder, 88% to hit)
You throw a javelin. The javelin barely misses Bai Suzhen.
Aiming: Iceblast
Press: ? - help, Shift-Dir - straight line The mass of ice explodes!
Okay, then.
You are too injured to fight recklessly!
Throw: 8 javelins
Press: ? - help, Q - select action, (/) - cycle Shift-Dir - straight line, f - Bai Suzhen
Aim: Bai Suzhen (severely wounded, surrounded by thunder, 88% to hit)
You throw a javelin.
The javelin pierces through Bai Suzhen but does no damage.
Bai Suzhen is severely wounded.
Aiming: Iceblast
Press: ? - help, Shift-Dir - straight line The mass of ice explodes!
You are too injured to fight recklessly!
Throw: 7 javelins
Press: ? - help, Q - select action, (/) - cycle Shift-Dir - straight line, f - Bai Suzhen
Aim: Bai Suzhen (severely wounded, surrounded by thunder, 88% to hit)
You throw a javelin.
The javelin pierces through Bai Suzhen!!
Bai Suzhen is almost dead.
Bai Suzhen breathes water at you. The torrent of water hits you!!!
You die...
Your body crumbles into a pile of gold.

.....+N.
.....#N.#
+#####N.# {
... #####..
....... +#
....... .##
.......###.$+
.......+≈@.#
.......#≈#§#
#......§D)§#
##.....#§###
##+####.#
#.####.# #
#.##...# ##
#.##.### .#
###.##.#


You could see Bai Suzhen (clouds, catching breath).

Vanquished Creatures
  Rupert (D:13)
  A sphinx (D:13)
  Agnes (D:15)
  A tengu reaver (D:13)
  An orc warlord (Orc:2)
  Aizul (Snake:3)
  A stone giant (D:15)
  Nessos (Orc:2)
  Snorg (Orc:2)
  2 fire dragons
  4 vault guards (D:13)
  A rakshasa (D:14)
  3 salamander tyrants
  17 hydras
  10 naga warriors
  3 ogre magi
  7 boulder beetles
  A death knight (D:14)
  A catoblepas (Lair:4)
  8 centaur warriors
  7 two-headed ogres
  6 anacondas
  A deep troll earth mage (D:13)
  2 death yaks (Lair:5)
  3 orc high priests (Orc:2)
  2 naga sharpshooters
  4 tengu warriors (D:15)
  6 shock serpents
  A deep elf knight (D:13)
  A salamander mystic (Snake:3)
  5 naga ritualists
  A lindwurm (Lair:6)
  2 mana vipers (Snake:2)
  7 orc knights
  3 deep elf pyromancers
  3 orc sorcerers (Orc:2)
  11 salamanders
  Pikel (D:6)
  7 ugly things
  2 cyclopes
  3 manticores
  13 elephants
  8 naga magi
  A torpor snail (Lair:5)
  4 guardian serpents
  2 molten gargoyles (Lair:6)
  Maurice (D:8)
  31 black mambas
  A gargoyle (D:12)
  2 unseen horrors (D:12)
  7 cane toads
  A freezing wraith (D:14)
  4 tengu conjurers (D:15)
  13 komodo dragons
  7 polar bears
  12 trolls
  A hornet (D:8)
  Grinder (D:6)
  A dream sheep (Lair:6)
  Prince Ribbit (D:8)
  5 blink frogs (Lair:3)
  11 slime creatures
  2 wraiths
  2 shadows (D:11)
  9 wyverns
  2 vampires (D:12)
  10 basilisks
  33 yaks
  2 humans (D:13)
  A steam dragon (D:9)
  6 wargs
  Menkaure (D:4)
  7 vampire mosquitoes
  23 water moccasins
  4 hell hounds (Lair:6)
  3 acid dragons
  26 nagas
  Duvessa (D:5)
  40 orc warriors
  3 black bears
  8 ogres
  3 wolves (D:11)
  A necrophage (D:7)
  A phantom (D:4)
  20 centaurs
  A kobold brigand (D:7)
  11 bullfrogs
  A wyvern zombie (D:7)
  Dowan (D:5)
  3 water moccasin zombies (Ossuary)
  A scorpion (Lair:3)
  10 killer bees
  8 wights
  A howler monkey (D:8)
  5 lava snakes (Lair:6)
  A bullfrog zombie (D:7)
  2 hounds
  5 centaur zombies
  3 jellies
  9 orc priests
  Crazy Yiuf (D:3)
  4 centaur skeletons
  An iguana (D:4)
  A bullfrog skeleton (D:4)
  4 gnoll shamans
  Natasha (D:4)
  19 orc wizards
  A hound zombie (D:5)
  2 mummies (Ossuary)
  A howler monkey zombie (D:9)
  Robin (D:4)
  20 gnolls
  8 adders
  An adder skeleton (D:5)
  6 adder zombies (Ossuary)
  3 dart slugs
  61 orcs
  6 ball pythons
  8 bats
  9 endoplasms
  2 giant cockroaches
  18 goblins
  7 hobgoblins
  14 jackals
  5 quokkas
  3 frilled lizards
  A gnoll zombie (Ossuary)
  5 hobgoblin zombies (Ossuary)
  10 kobolds
  2 orc zombies (Ossuary)
  A quokka zombie (D:6)
  6 rats
  A rat zombie (D:6)
774 creatures vanquished.

Vanquished Creatures (others)
  A wizard (D:8)
  57 fungi
  43 plants
101 creatures vanquished.

Grand Total: 875 creatures vanquished

Notes
Turn   | Place    | Note
-------+----------+-------------------------------------------
     0 | D:1      | Delamore the Formicid Fighter began the quest for the Orb.
     0 | D:1      | Reached XP level 1. HP: 18/18 MP: 1/1
   280 | D:1      | Reached XP level 2. HP: 24/24 MP: 2/2
   528 | D:1      | Reached XP level 3. HP: 29/30 MP: 3/3
   593 | D:1      | Reached skill level 3 in Polearms
  1510 | D:2      | Found a faded altar of an unknown god.
  1512 | D:2      | Became a worshipper of Ru the Awakened
  1556 | D:2      | Reached XP level 4. HP: 19/37 MP: 4/4
  2007 | D:2      | Found Qafiyg's Jewellery Emporium.
  2113 | D:2      | Reached skill level 4 in Polearms
  2460 | D:3      | Reached XP level 5. HP: 42/42 MP: 5/5
  2491 | D:3      | Found a runed translucent door.
  2492 | D:3      | Noticed Crazy Yiuf
  2503 | D:3      | Killed Crazy Yiuf
  3616 | D:3      | Found a burning altar of Makhleb.
  3616 | D:3      | Noticed an Executioner
  3620 | D:3      | Noticed a ynoxinul
  3620 | D:3      | Noticed a smoke demon
  3757 | D:4      | Reached XP level 6. HP: 26/49 MP: 6/6
  3907 | D:4      | Found an opulent altar of Gozag.
  3927 | D:4      | Fell from the grace of Ru
  3927 | D:4      | Became a worshipper of Gozag Ym Sagoz the Greedy
  3935 | D:4      | Reached skill level 5 in Polearms
  4080 | D:4      | Identified a scroll of acquirement
  4080 | D:4      | Acquired a +2 pair of boots of flying
  4126 | D:4      | Noticed Menkaure
  4136 | D:4      | Killed Menkaure
  4137 | D:4      | Reached skill level 5 in Fighting
  4207 | D:4      | Reached skill level 6 in Polearms
  4207 | D:4      | Reached XP level 7. HP: 28/56 MP: 7/7
  4572 | D:4      | Noticed Robin
  4879 | D:4      | Identified the +0 leather armour of Slovenliness {rC+
                  | Dex+3}
  5261 | D:4      | Killed Robin
  5300 | D:4      | Reached skill level 7 in Polearms
  5564 | D:4      | Noticed Natasha
  5571 | D:4      | Killed Natasha
  5629 | D:4      | Found a hazy altar of Hepliaklqana.
  5639 | D:5      | Entered Level 5 of the Dungeon
  5718 | D:5      | Noticed a water moccasin
  5719 | D:5      | Noticed Duvessa
  5723 | D:5      | Noticed Dowan
  5743 | D:5      | Killed Duvessa
  5744 | D:5      | Reached skill level 8 in Polearms
  5744 | D:5      | Reached XP level 8. HP: 59/62 MP: 8/8
  5745 | D:5      | Killed Dowan
  5821 | D:5      | Found a staircase to the Ecumenical Temple.
  6044 | D:5      | Found a snail-covered altar of Cheibriados.
  6333 | D:5      | Found Qirramai's Antique Armour Emporium.
  6434 | D:6      | Noticed Pikel
  6452 | D:6      | Killed Pikel
  6453 | D:6      | Reached skill level 10 in Polearms
  6593 | D:6      | Reached XP level 9. HP: 51/68 MP: 9/9
  6638 | D:6      | Found a sand-covered staircase.
  6652 | Ossuary  | Entered an ossuary
  7103 | D:6      | Noticed Grinder
  7135 | D:6      | Killed Grinder
  7136 | D:6      | Reached skill level 11 in Polearms
  7807 | D:2      | Bought the ring "Guipna" {rC+ rN+ Slay+2} for 535 gold
                  | pieces
  8041 | D:6      | Found Nynirph's Antique Armour Emporium.
  8569 | D:5      | Bought a brightly glowing kite shield for 294 gold pieces
  8569 | D:5      | Identified the +4 kite shield of Orthodoxy {Dex+3} (You
                  | bought it in a shop on level 5 of the Dungeon)
  8666 | D:7      | Found a transporter.
  8672 | D:7      | Noticed a kobold demonologist
  8680 | D:7      | Found a transporter.
  8755 | D:7      | Reached skill level 12 in Polearms
  9055 | D:7      | Noticed a kobold demonologist
  9607 | D:7      | Reached XP level 10. HP: 62/74 MP: 10/10
 10255 | D:7      | Reached skill level 13 in Polearms
 10557 | D:7      | Found a shimmering blue altar of Sif Muna.
 10766 | D:8      | Found a sparkling altar of Nemelex Xobeh.
 10771 | D:8      | Noticed Prince Ribbit
 10774 | D:8      | Killed Prince Ribbit
 10775 | D:8      | Reached skill level 1 in Throwing
 10775 | D:8      | Reached skill level 1 in Evocations
 10915 | D:8      | Found a bloodstained altar of Trog.
 10930 | D:8      | Noticed Maurice
 10941 | D:8      | Killed Maurice
 11068 | D:8      | Noticed a wizard
 11074 | D:8      | Killed a wizard
 11516 | D:8      | Found an ancient bone altar of Kikubaaqudgha.
 11571 | D:8      | Found a shadowy altar of Dithmenos.
 11703 | D:6      | Bought a masterwork scale mail for 297 gold pieces
 11703 | D:6      | Identified the +1 scale mail "Boakia" {Rampage} (You bought
                  | it in a shop on level 6 of the Dungeon)
 11779 | D:9      | Found Neffut's Jewellery Shop.
 11861 | D:9      | Found a broken altar of Ashenzari.
 12204 | D:9      | Reached XP level 11. HP: 79/79 MP: 11/11
 12563 | D:10     | Entered Level 10 of the Dungeon
 12577 | D:10     | Reached skill level 5 in Shields
 12596 | D:10     | Reached skill level 5 in Armour
 12619 | D:10     | Reached skill level 14 in Polearms
 13036 | D:10     | Found Icufir's Magic Scroll Shop.
 13318 | D:10     | Found a glowing silver altar of Zin.
 13322 | D:10     | Found a glowing golden altar of the Shining One.
 13322 | D:10     | Found an iron altar of Okawaru.
 13604 | D:11     | Found a staircase to the Orcish Mines.
 13607 | D:11     | Noticed a manticore
 13608 | D:11     | Killed a manticore
 13713 | D:11     | Noticed a six-headed hydra
 13724 | D:11     | Killed a six-headed hydra
 13906 | D:11     | Reached skill level 5 in Evocations
 14035 | D:11     | Reached XP level 12. HP: 58/86 MP: 12/12
 14038 | D:11     | Reached skill level 5 in Throwing
 14213 | D:11     | Found a staircase to the Lair.
 14709 | D:10     | Bought a scroll of acquirement for 728 gold pieces
 14710 | D:10     | Acquired 584 gold pieces
 14715 | D:10     | Bought a scroll of brand weapon for 280 gold pieces
 14715 | D:10     | Bought a scroll of identify for 28 gold pieces
 14715 | D:10     | Bought a scroll of identify for 28 gold pieces
 14715 | D:10     | Bought a scroll of identify for 28 gold pieces
 14715 | D:10     | Bought a scroll of identify for 28 gold pieces
 14715 | D:10     | Bought a scroll of identify for 28 gold pieces
 14767 | Lair:1   | Entered Level 1 of the Lair of Beasts
 14800 | Lair:1   | Reached skill level 15 in Polearms
 16246 | Lair:2   | Noticed a boulder beetle
 16257 | Lair:2   | Killed a boulder beetle
 16258 | Lair:2   | Reached skill level 16 in Polearms
 16498 | Lair:2   | Found a staircase to the Shoals.
 17136 | Lair:3   | Reached XP level 13. HP: 86/94 MP: 13/13
 17432 | Lair:3   | Found a staircase to the Snake Pit.
 17995 | Lair:4   | Noticed a boulder beetle
 18006 | Lair:4   | Killed a boulder beetle
 18211 | Lair:4   | Noticed an eight-headed hydra
 18223 | Lair:4   | Killed an eight-headed hydra
 18852 | Lair:4   | Noticed a catoblepas
 18866 | Lair:4   | Killed a catoblepas
 19558 | Lair:5   | Reached skill level 10 in Throwing
 19558 | Lair:5   | Found a staircase to the Slime Pits.
 19578 | Lair:5   | Reached skill level 10 in Fighting
 19919 | Lair:5   | Noticed a six-headed hydra
 19924 | Lair:5   | Noticed a seven-headed hydra
 19935 | Lair:5   | Killed a six-headed hydra
 19936 | Lair:5   | Reached XP level 14. HP: 84/111 MP: 14/14
 20147 | Lair:5   | Identified the +5 plate armour of Nodgheyve {Str+7}
 20722 | Lair:6   | Entered Level 6 of the Lair of Beasts
 21155 | Lair:6   | Found a large runed translucent door.
 21155 | Lair:6   | Found a large runed translucent door.
 22472 | Lair:6   | Reached skill level 10 in Shields
 23070 | Orc:1    | Entered Level 1 of the Orcish Mines
 23077 | D:11     | Bought a scroll of fear for 56 gold pieces
 23077 | D:11     | Bought a scroll of magic mapping for 56 gold pieces
 23447 | Orc:1    | Found Mecikigo's Assorted Antiques.
 23743 | Orc:2    | Entered Level 2 of the Orcish Mines
 23879 | Orc:2    | Noticed Nessos
 23905 | Orc:2    | Killed Nessos
 24015 | Orc:2    | Reached XP level 15. HP: 120/120 MP: 15/15
 24079 | Orc:2    | Noticed an orc warlord
 24091 | Orc:2    | Killed an orc warlord
 24142 | Orc:2    | Found Zeehes's Book Boutique.
 24142 | Orc:2    | Found a staircase to the Elven Halls.
 24150 | Orc:2    | Noticed Snorg
 24165 | Orc:2    | Killed Snorg
 24544 | Orc:2    | Found Weunnu's Antique Armour Boutique.
 24563 | Orc:2    | Bought a pair of runed gloves for 292 gold pieces
 24837 | Orc:2    | Found Acoyzxoe's Antique Weapon Shoppe.
 24971 | Orc:2    | Found Akeesuy's General Store.
 25211 | D:11     | Bought a scroll of magic mapping for 59 gold pieces
 25211 | D:11     | Bought a scroll of holy word for 127 gold pieces
 25211 | D:11     | Bought a scroll of fear for 59 gold pieces
 25211 | D:11     | Bought a scroll of magic mapping for 59 gold pieces
 25211 | D:11     | Bought a scroll of silence for 127 gold pieces
 25213 | D:11     | Bought an amulet of regeneration for 420 gold pieces
 25289 | D:12     | Reached skill level 10 in Armour
 25360 | D:12     | Found a hide-covered altar of Uskayaw.
 26032 | D:13     | Noticed Rupert
 26051 | D:13     | Killed Rupert
 26278 | D:13     | Found a gate to the Vaults.
 26320 | D:13     | Reached XP level 16. HP: 133/133 MP: 16/16
 26502 | D:13     | Noticed a tengu reaver
 26503 | D:13     | Noticed a sphinx
 26670 | D:13     | Killed a tengu reaver
 26676 | D:13     | Killed a sphinx
 26858 | D:14     | Found a flagged portal.
 26902 | Bailey   | Entered a bailey
 27127 | Bailey   | Identified the +1 leather armour of Ireibips {rN+ Will-
                  | rCorr}
 27390 | D:14     | Reached skill level 15 in Fighting
 27455 | D:14     | Found an ornate altar of the Wu Jian Council.
 27840 | D:14     | Bought a pair of steaming gloves for 323 gold pieces
 27840 | D:14     | Identified the +3 pair of gloves "Ryit Tefru" {Contam
                  | *Corrode Str+8 Int+9} (You bought it in a shop on level 14
                  | of the Dungeon)
 27842 | D:14     | Bought the +0 plate armour of the World {rElec Slay+3 SInv}
                  | for 860 gold pieces
 27887 | D:15     | Entered Level 15 of the Dungeon
 27892 | D:15     | Reached skill level 15 in Shields
 28517 | D:15     | Found Niqir's Antique Weapon Boutique.
 28561 | D:15     | Found a staircase to the Depths.
 28588 | D:15     | Reached XP level 17. HP: 80/142 MP: 17/17
 28719 | D:15     | Noticed Agnes
 28723 | D:15     | Killed Agnes
 29081 | Snake:1  | Entered Level 1 of the Snake Pit
 29095 | Snake:1  | Found Taujin's Antique Armour Emporium.
 29119 | Snake:1  | Reached skill level 1 in Staves
 29331 | Snake:1  | Found Heown's Antique Weapon Boutique.
 29657 | Snake:1  | Found Naic's Antique Weapon Shop.
 29910 | Snake:1  | Found Tiamaeh's Antique Armour Shoppe.
 30304 | Snake:2  | Reached skill level 5 in Staves
 30611 | Snake:2  | Found a basalt altar of Yredelemnul.
 32615 | Snake:3  | Reached skill level 10 in Staves
 32858 | D:11     | Bought the ring "Uvviseall" {rPois rF+} for 476 gold pieces
 33138 | Snake:3  | Noticed Aizul
 33178 | Snake:3  | Killed Aizul
 33179 | Snake:3  | Reached XP level 18. HP: 55/149 MP: 18/18
 33283 | Snake:3  | Found Yrei's Assorted Antiques.
 33357 | Snake:3  | Bought a pair of jewelled boots for 380 gold pieces
 33357 | Snake:3  | Identified the +0 pair of boots "Bugoeg" {Str+8 Dex+3
                  | Slay-3} (You bought it in a shop on level 3 of the Snake
                  | Pit)
 33554 | Snake:3  | Noticed Bai Suzhen
 33573 | Snake:3  | Killed from afar by Bai Suzhen

Illustrated notes

Levels and vault maps discovered:
D:1:      amcnicky_arrival_underground_garden, layout_basic, st_stairs_9,
          minivault_14, minmay_crystal_room, minmay_vboxes
D:2:      layout_loops_corners, serial_forest, infiniplex_forest_clump_double,
          infiniplex_forest_clump_tiny, infiniplex_forest_clump_diagonal,
          infiniplex_forest_lined_1, infiniplex_forest_straight_3,
          chequers_ecumenical_altar_twisty, serial_shops, shop
D:3:      layout_loops_corners, makhleb_altar_promises_db, minmay_unequal,
          uniq_crazy_yiuf_cottage
D:4:      layout_cave_pods, nicolae_overflow_crystal_walls, kennysheep_mini,
          uniq_menkaure, uniq_natasha, uniq_robin
D:5:      layout_cave_pools, marbit_many_paths, minmay_temple_entry_junction,
          serial_shops, kennysheep_mini_moat, serial_glass, glass_columns_b,
          glass_columns_a, minivault_11, hangedman_abyss_or_decor_lesser_grid,
          uniq_duvessa
D:6:      layout_basic, serial_shops, shop, enter_ossuary_4, uniq_pikel,
          uniq_grinder
D:7:      gammafunk_wand_slinger, layout_rooms, lemuel_blue_sif_altar
D:8:      layout_basic, trog_wizard, amethyst_overflow_temple_binary,
          amcnicky_altar_gilded, grunt_decor_resistance, roderic_filled_cross,
          moated_statue, minmay_starry_boxes, uniq_maurice, uniq_prince_ribbit1
D:9:      layout_loops_cross, evilmike_ruin_ashenzari, serial_shops, shop
D:10:     layout_rooms, gammafunk_temple_overflow_forgotten, serial_shops, shop
D:11:     layout_loops_ring, minmay_lair_entry_grove, orc_0_dummy
D:12:     layout_basic, grunt_ministairs_8, nicolae_uskayaw_en_pointe
D:13:     layout_rooms, grunt_vaults_entry_fortified,
          minmay_checkered_concentric_circles, uniq_rupert
D:14:     layout_big_octagon, enter_bailey_8, serial_column_ruins,
          column_ruins_columns_dead_end, column_ruins_grid_1,
          column_ruins_grid_3, column_ruins_grid_3, nzn_wu_jian_contemplation,
          kennysheep_small_square
D:15:     grunt_enter_depths_snipers, layout_irregular_city, serial_shops, shop,
          drop_trap, uniq_agnes
Lair:1:   layout_roguey, grunt_megastairs_5, lemuel_fruit_tree
Lair:2:   layout_regular_city, minmay_shoals_entry_centaurs, serial_forest,
          infiniplex_forest_lined_4_way, infiniplex_forest_corner_2,
          infiniplex_forest_pool, infiniplex_forest_clump_medium,
          infiniplex_forest_end_2, infiniplex_forest_straight_2
Lair:3:   layout_roguey, dummy_snake_entry, cheibrodos_lair_caveside_slide,
          grunt_megastairs_4
Lair:4:   layout_hall_layers, grunt_megastairs_1
Lair:5:   layout_regular_city, minmay_slime_entry_pillars,
          cheibrodos_lair_reptile_den, grunt_megastairs_2
Lair:6:   cheibrodos_lair_end_hotspot, layout_regular_city, guppyfry_lair_drakes
Snake:1:  layout_cave_pods, special_room, serial_shops, shop,
          nicolae_shop_statue_plus, shop, shop, nrook_guardian_serpent_ordinary
Snake:2:  layout_layer_cave, basic_altar, grunt_ministairs_15,
          serial_bayou_crossing
Snake:3:  layout_gridlike, serial_shops, shop_statue, special_room,
          uniq_bai_suzhen, uniq_aizul
Orc:1:    layout_caves, serial_shops, shop, basic_altar
Orc:2:    grunt_orc_gardens, layout_caves, grunt_orc_garden, grunt_orc_garden,
          grunt_orc_garden, grunt_orc_garden, uniq_nessos, uniq_snorg

Skill      XL: |  1  2  3  4  5  6  7  8  9 10 11 12 13 14 15 16 17 18 |
---------------+-------------------------------------------------------+-----
Polearms       | 3 4 6 8 10 12 13 14 16 | 16.4
Fighting       | 4 5 6 10 12 14 15 | 15.0
Throwing       | 2 4 7 10 | 10.8
Shields        | 4 7 10 13 15 | 15.0
Evocations     | 2 5 6 |  6.9
Armour         | 4 5 9 10 | 10.0
Staves         | 10 11 | 11.4

Action                   |  1- 3 |  4- 6 |  7- 9 | 10-12 | 13-15 | 16-18 || total
-------------------------+-------+-------+-------+-------+-------+-------++-------
Melee: Trident           |   119 |   210 |   474 |    68 |    66 |       ||   937
       Unarmed           |       |     5 |       |       |       |       ||     5
       Halberd           |       |       |       |   394 |   826 |   344 ||  1564
       Lajatang          |       |       |       |       |       |   466 ||   466
Throw: Dart              |       |     3 |    36 |    20 |   316 |    38 ||   413
       Boomerang         |       |       |       |       |     2 |       ||     2
       Javelin           |       |       |       |       |       |     3 ||     3
Invok: Call Merchant     |       |       |       |       |     3 |     2 ||     5
       Potion Petition   |       |       |       |       |     1 |     4 ||     5
 Abil: Dig               |       |     3 |    14 |     4 |     3 |    22 ||    46
Evoke: Wand              |       |       |     8 |     2 |     2 |     2 ||    14
       Phantom mirror    |       |       |       |       |     3 |     1 ||     4
       Lightning rod     |       |       |       |       |     2 |       ||     2
  Use: Scroll            |     5 |     4 |     9 |    10 |     3 |     4 ||    35
       Potion            |       |       |     5 |       |       |     9 ||    14
 Stab: Sleeping          |       |       |     6 |     4 |       |       ||    10
       Distracted        |       |       |       |     4 |    11 |     5 ||    20
Armor: Scale mail        |    39 |    87 |    32 |       |       |       ||   158
       Ring mail         |       |       |   147 |    95 |    58 |       ||   300
       Plate armour      |       |       |       |       |   216 |   303 ||   519
Dodge: Dodged            |    27 |    58 |   162 |   112 |   154 |   150 ||   663
Block: Kite shield       |    54 |    87 |   254 |   242 |   480 |   698 ||  1815

Table legend: (Time is in decaauts)
 A = Elapsed time spent in this place.
 B = Non-inter-level travel time spent in this place.
 C = Inter-level travel time spent in this place.
 D = Time resting spent in this place.
 E = Time spent auto-exploring this place.
 F = Levels seen in this place.
 G = Mean time per level.
                   A        B        C        D        E       F      G
               +--------+--------+--------+--------+--------+-----+--------+
         Total |  33091 |  30992 |   2099 |   5472 |  19739 |  28 | 1181.8 |
       Dungeon |  18044 |  16752 |   1292 |   3501 |  10122 |  15 | 1202.9 |
          Lair |   8288 |   7825 |    463 |   1007 |   5829 |   6 | 1381.3 |
     Snake Pit |   4176 |   3908 |    268 |    816 |   2221 |   3 | 1392.0 |
  Orcish Mines |   2022 |   1947 |     75 |    107 |   1306 |   2 | 1011.0 |
       Ossuary |    317 |    317 |      0 |      0 |    194 |   1 |  317.0 |
        Bailey |    243 |    243 |      0 |     40 |     67 |   1 |  243.0 |
               +--------+--------+--------+--------+--------+-----+--------+

Top non-repeatable levels by time:
     D:6: 2866 daAuts
  Lair:6: 1910 daAuts
 Snake:2: 1888 daAuts
  Lair:5: 1881 daAuts
     D:3: 1709 daAuts
     D:4: 1688 daAuts
     D:2: 1438 daAuts
 Snake:1: 1320 daAuts
    D:11: 1310 daAuts
  Lair:1: 1254 daAuts
   Orc:2: 1252 daAuts
  Lair:2: 1174 daAuts
     D:8: 1106 daAuts
     D:1: 1100 daAuts
    D:10: 1058 daAuts
